 Dungeon Crawl Stone Soup version bcrawl-1.32 (webtiles) character file.

Game seed: 17384939950794592763

402465 Morbidden the Ducker (level 11, -1/64 HPs)
             Began as a Twilight Stalker Archaeologist on June 23, 2021.
             Was a High Priest of Okawaru.
             Succumbed to Sonja's curare-tipped needle
             ... on level 10 of the Dungeon on June 24, 2021.
             The game lasted 00:18:18 (9231 turns).

Morbidden the Ducker (VSAc)                         Turns: 9231, Time: 00:18:19

Health: -1/64      AC: 19    Str: 17    XL:     11   Next: 63%
Magic:  4/20       EV: 12    Int: 14    God:    Okawaru [*****.]
Gold:   651        SH:  9    Dex: 13    Spells: 20/20 levels left

rFire    . . .     SeeInvis .   B - +0 blowgun
rCold    . . .     Gourm    .   h - +3 warlock's mirror {reflect}
rNeg     . . .     Faith    .   N - +0 chain mail
rPois    .         Spirit   +   K - +2 hat
rElec    .         Reflect  +   (no cloak)
rCorr    .         Harm     .   s - +0 pair of gloves
MR       +....                  m - +1 pair of boots
Stlth    +++.......             O - amulet of guardian spirit
HPRegen  0.60/turn              D - +5 ring of protection
MPRegen  0.17/turn              x - +3 ring of evasion (curse)

@: lethally poisoned (-1 -> -13), slowed, very slow
A: fangs 3, nightstalker 1, regeneration 1, no potion heal 3, rot immunity,
draining bite, strong jaws, assimilated armour
a: Heroism, Finesse, Renounce Religion


You were on level 10 of the Dungeon.
You worshipped Okawaru.
Okawaru was extremely pleased with you.
You were not hungry.

You visited 2 branches of the dungeon, and saw 11 of its levels.

You collected 651 gold pieces.

Inventory:

Hand Weapons
 a - a +2 scimitar of flaming
 b - a +1 dagger of venom
 B - a +0 blowgun (weapon)
 G - a +0 hunting sling
 M - the cursed +6 arbalest "Damnation" {hellfire, *Curse}
   (You found it on level 9 of the Dungeon)

   It curses itself when equipped.
   It has a curse placed upon it.
Missiles
 f - 50 curare-tipped needles (quivered)
 l - 1669 sling bullets
 J - 233 poisoned needles
 R - 175 bolts
Armour
 h - the +3 warlock's mirror (worn) {reflect}
   (You acquired it on level 3 of the Dungeon)
 m - a +1 pair of boots (worn)
 s - a +0 pair of gloves (worn)
 K - a +2 hat (worn)
 N - a +0 chain mail (worn)
 Q - a +0 cloak
 U - the +5 ring mail of Precision Catastrophes {MP+9, unknown}
   (You found it on level 10 of the Dungeon)

   It affects your magic capacity (+9).
Jewellery
 x - a cursed +3 ring of evasion (right hand)
 D - a +5 ring of protection (left hand)
 I - an uncursed ring of ice
 O - an amulet of guardian spirit (around neck)
Wands
 d - a wand of paralysis (4)
 v - a wand of flame (18)
 E - a wand of polymorph (13)
Scrolls
 c - 2 scrolls of enchant armour {unknown}
 g - 3 scrolls of magic mapping
 i - 6 scrolls of identify
 j - 5 scrolls of teleportation
 k - 4 scrolls of remove curse
 n - 2 scrolls of blinking
 p - a scroll of amnesia
 q - 4 scrolls of fog {unknown}
 u - 2 scrolls of enchant weapon {unknown}
 y - a scroll of noise {unknown}
 F - 3 scrolls of immolation {unknown}
 H - a scroll of torment {unknown}
 T - a scroll of vulnerability {unknown}
Potions
 o - a potion of brilliance
 r - 3 potions of curing
 t - a potion of ambrosia
 w - 2 potions of haste
 z - a potion of agility {unknown}
 A - 4 potions of flight
 C - 4 potions of might
 L - a potion of heal wounds {unknown}
 P - a potion of degeneration
Comestibles
 e - 27 rations {!d}
 S - 2 chunks of flesh


   Skills:
 * Level 5.5 Fighting
 + Level 5.2(5.8) Short Blades
 * Level 3.7(5.0) Long Blades
   Level 1.3 Maces & Flails
 + Level 4.7 Slings
 + Level 3.2 Armour
 * Level 7.9 Dodging
 + Level 7.2 Stealth
 * Level 7.1 Shields
 * Level 5.3 Spellcasting
   Level 1.1 Transmutations
   Level 1.1 Poison Magic
 * Level 5.3 Invocations
 + Level 0.1 Evocations


You had 20 spell levels left.
You didn't know any spells.
Your spell library contained the following spells:

 Spells                   Type           Power        Failure   Level  Hunger
 Beastly Appendage        Tmut           #.....       95%         1    None
 Passwall                 Tmut/Erth      #.......     99%         2    None
 Sticks to Snakes         Tmut           #.......     99%         2    None
 Spider Form              Tmut/Pois      #..          100%        3    ##.....
 Ice Form                 Ice/Tmut       #.......     100%        4    ####...
 Blade Hands              Tmut           #.........   100%        5    ######.


Dungeon Overview and Level Annotations

Branches:
Dungeon (10/12)            Temple (1/1) D:5            Lair (0/6) D:8
    Orc: D:8-11

Altars:
Ashenzari
Cheibriados
Dithmenos
Elyvilon
Fedhas
Gozag
Hepliaklqana
Kikubaaqudgha
Lugonu
Makhleb
Nemelex Xobeh
Okawaru
Qazlal
Ru
Sif Muna
Trog
Uskayaw
Vehumet
Wu Jian
Xom
Yredelemnul
Zin
The Shining One

Shops:
D:9 !(

Annotations:
D:3 3 runed doors, izumii3's ghost, amateur CeSk
D:4 Grinder
D:5 1 runed door
D:10 Sonja


Innate Abilities, Weirdness & Mutations

You have razor-sharp teeth.
You are slightly more attuned to the shadows.
Your natural rate of healing is unusually fast.
Potions cannot restore your health.
You are immune to rotting.
Your bite drains your enemy's life force.
Your bites deal extra damage.
Your stealth is less affected by armour.


Message History

Sonja shoots a curare-tipped needle.
You reflect the curare-tipped needle off your +3 warlock's mirror {reflect}!
The curare-tipped needle hits Sonja.
Sonja is poisoned.
Sonja convulses.
Sonja seems to slow down.
No path to travel!
No path to travel!
Firing (i - inventory. (/) - cycle)
f - 51 curare-tipped needles (quivered)
Press: ? - help, Shift-Dir - straight line, f/p - Sonja
Aim: Sonja, wielding a +0 blowgun, wearing an uncursed ring of insulation and quivering 7 curare-tipped needles (lightly wounded, slow, poisoned)
You shoot a curare-tipped needle. The curare-tipped needle misses Sonja.
* * * LOW HITPOINT WARNING * * *
You feel very sick. The gargoyle barely misses you.
Sonja casts a spell.
Sonja blinks!
You block the gargoyle's attack.
No path to travel!
* * * LOW HITPOINT WARNING * * *
You feel very sick.
Unknown command.
You die...

##...#.....##.........# #........
...#######.##.........# #.#......
##....................###.#......
............#.........##..#......
##.........K#..............>.....
##.....................#.#.......
##...........#..............###..
##....................#.....###.#
##............9.@...............#
............#..#####..##.........
.#............## ##......####..
.#............#######......###...
.#######.#.....................#.
.##.(.......#####................
....#...###.##....##...#.####....
.####.#####....####...##..###....
.#....# ##...####..........##....


You could see Sonja and a gargoyle.

Vanquished Creatures
  2 hydras (D:10)
  Erica (D:8)
  A manticore (D:10)
  A rust devil (D:9)
  2 orange demons (D:9)
  A kobold demonologist (D:10)
  Maurice (D:9)
  A red devil (D:9)
  A hornet (D:10)
  A hippogriff (D:9)
  A human (D:7)
  A wraith (D:9)
  A wyvern (D:10)
  4 hogs (D:7)
  A steam dragon (D:10)
  A hungry ghost (D:9)
  Edmund (D:5)
  A crocodile (D:9)
  6 porcupines (D:8)
  2 eyes of draining
  A sky beast (D:9)
  2 black bears
  2 ice beasts
  A phantom (D:10)
  7 ogres
  3 centaurs
  2 big kobolds
  6 bullfrogs
  A gnoll sergeant (D:8)
  4 scorpions
  A water moccasin skeleton (D:4)
  4 killer bees (D:7)
  3 wights (D:6)
  2 howler monkeys (D:8)
  2 crimson imps
  2 quasits
  A bullfrog zombie (D:8)
  An orc priest (D:3)
  3 jellies
  An orc wizard (D:7)
  6 iron imps (D:9)
  Ijyb (D:5)
  2 iguanas
  4 worker ants
  2 hound zombies (D:4)
  4 worker ant zombies
  13 gnolls
  15 adders
  A shadow imp (D:7)
  8 oozes
  4 worms
  3 adder skeletons (D:4)
  3 adder zombies
  2 dart slugs
  5 leopard geckos
  14 orcs
  10 bats
  3 giant cockroaches
  5 goblins
  13 hobgoblins
  14 jackals
  2 quokkas
  A ball python (D:1)
  5 frilled lizards
  24 kobolds
  3 rats
247 creatures vanquished.

Vanquished Creatures (others)
  A centaur (D:9)
  27 fungi (D:8)
  4 plants (D:8)
  7 toadstools (D:3)
39 creatures vanquished.

Grand Total: 286 creatures vanquished

Notes
Turn   | Place    | Note
-------+----------+-------------------------------------------
     0 | D:1      | Morbidden the Vine Stalker Archaeologist began the quest
                  | for the Orb.
     0 | D:1      | Reached XP level 1. HP: 11/11 MP: 2/2
   112 | D:1      | Reached XP level 2. HP: 13/16 MP: 3/3
   173 | D:1      | Reached skill level 5 in Stealth
   199 | D:1      | Reached skill level 1 in Maces & Flails
   233 | D:1      | Reached skill level 1 in Fighting
   328 | D:1      | Reached XP level 3. HP: 9/20 MP: 4/4
  1002 | D:2      | Found an ornate altar of the Wu Jian Council.
  1146 | D:2      | Found an ancient bone altar of Kikubaaqudgha.
  1196 | D:2      | Reached XP level 4. HP: 13/25 MP: 5/5
  1308 | D:2      | Found a burning altar of Makhleb.
  1881 | D:3      | Found a runed gate.
  1881 | D:3      | Found a runed gate.
  1881 | D:3      | Found a runed gate.
  1881 | D:3      | Noticed izumii3's ghost (amateur CeSk)
  1883 | D:3      | Found a basalt altar of Yredelemnul.
  1904 | D:3      | Reached skill level 1 in Short Blades
  2082 | D:3      | Reached XP level 5. HP: 29/29 MP: 6/6
  2082 | D:3      | Identified a scroll of acquirement
  2082 | D:3      | Identified the +3 rapier "Xiqez" {elec, rN+ Str+2 Stlth+}
                  | (You acquired it on level 3 of the Dungeon)
  2082 | D:3      | Identified the ring of Amelioration {Str+5 Int+2} (You
                  | acquired it on level 3 of the Dungeon)
  2083 | D:3      | Found the +3 warlock's mirror {reflect}
  2092 | D:3      | Found a corrupted altar of Lugonu.
  2318 | D:3      | Reached skill level 1 in Shields
  2318 | D:3      | Gained mutation: You have razor-sharp teeth. [Vine Stalker
                  | growth]
  2318 | D:3      | Reached XP level 6. HP: 35/35 MP: 7/7
  2394 | D:3      | Reached skill level 1 in Slings
  2774 | D:4      | Found a blossoming altar of Fedhas.
  2774 | D:4      | Found an opulent altar of Gozag.
  2847 | D:4      | Noticed Grinder
  2905 | D:4      | Reached XP level 7. HP: 40/40 MP: 8/8
  3226 | D:5      | Entered Level 5 of the Dungeon
  3405 | D:5      | Learned a level 3 spell: Spider Form
  3573 | D:5      | Noticed Ijyb
  3591 | D:5      | Killed Ijyb
  3592 | D:5      | Reached skill level 5 in Dodging
  3820 | D:5      | Found a runed door.
  3852 | D:5      | Found a staircase to the Ecumenical Temple.
  4189 | D:5      | Noticed Edmund
  4225 | D:5      | Killed Edmund
  4226 | D:5      | Reached skill level 1 in Armour
  4226 | D:5      | Reached skill level 1 in Spellcasting
  4226 | D:5      | Reached skill level 1 in Transmutations
  4226 | D:5      | Reached skill level 1 in Poison Magic
  4226 | D:5      | Gained mutation: Your bite drains your enemy's life force.
                  | [Twilight Stalker growth]
  4226 | D:5      | Gained mutation: Your stealth is less affected by armour.
                  | [Twilight Stalker growth]
  4226 | D:5      | Gained mutation: You are slightly more attuned to the
                  | shadows. [Twilight Stalker growth]
  4226 | D:5      | Reached XP level 8. HP: 34/45 MP: 9/10
  4268 | Temple   | Entered the Ecumenical Temple
  4316 | Temple   | Became a worshipper of Warmaster Okawaru
  4716 | D:6      | Got a faintly humming robe
  4947 | D:6      | Found a glowing silver altar of Zin.
  4947 | D:6      | Noticed an angel
  5131 | D:6      | Reached skill level 1 in Invocations
  5289 | D:7      | Reached * piety under Okawaru
  5432 | D:7      | Reached XP level 9. HP: 40/51 MP: 13/13
  5445 | D:7      | Identified the +1 robe of Patterns {Dex+4} (You found it on
                  | level 6 of the Dungeon)
  5534 | D:7      | Found a radiant altar of Vehumet.
  5557 | D:7      | Reached ** piety under Okawaru
  6014 | D:7      | Reached skill level 5 in Shields
  6151 | D:8      | Reached *** piety under Okawaru
  6277 | D:8      | Noticed Erica
  6308 | D:8      | Killed Erica
  6309 | D:8      | Reached skill level 5 in Short Blades
  6309 | D:8      | Reached XP level 10. HP: 33/58 MP: 9/17
  6441 | D:8      | Reached **** piety under Okawaru
  6539 | D:8      | Found a sacrificial altar of Ru.
  6676 | D:8      | Found a staircase to the Lair.
  6766 | D:8      | Reached skill level 1 in Long Blades
  7096 | D:9      | Received a gift from Okawaru
  7135 | D:9      | Noticed an orange demon
  7159 | D:9      | Killed an orange demon
  7163 | D:9      | Found a basalt altar of Yredelemnul.
  7164 | D:9      | Noticed Maurice
  7174 | D:9      | Noticed an orange demon
  7181 | D:9      | Noticed a rust devil
  7241 | D:9      | Killed an orange demon
  7242 | D:9      | Reached skill level 5 in Fighting
  7381 | D:9      | Killed a rust devil
  7381 | D:9      | Reached ***** piety under Okawaru
  7382 | D:9      | Reached XP level 11. HP: 63/63 MP: 19/19
  7442 | D:9      | Found Ukliyshrulu's Distillery.
  7524 | D:9      | Found Daofuq's Weapon Boutique.
  7590 | D:9      | Found a bloodstained altar of Trog.
  7751 | D:9      | Found the cursed +6 arbalest "Damnation" {hellfire, *Curse}
  7837 | D:9      | Killed Maurice
  7838 | D:9      | Reached skill level 5 in Spellcasting
  8369 | D:10     | Entered Level 10 of the Dungeon
  8373 | D:10     | Noticed an eight-headed hydra
  8384 | D:10     | Killed a two-headed hydra
  8384 | D:10     | Received a gift from Okawaru
  8385 | D:10     | Reached skill level 5 in Invocations
  8462 | D:10     | Noticed Sonja
  8540 | D:10     | Noticed a six-headed hydra
  8549 | D:10     | Killed a one-headed hydra
  8549 | D:10     | Received a gift from Okawaru
  8579 | D:10     | Got a faintly glowing ring mail
  8618 | D:10     | Noticed a two-headed ogre
  8656 | D:10     | Noticed a sun demon
  8978 | D:10     | Noticed a manticore
  8990 | D:10     | Killed a manticore
  9229 | D:10     | HP: 3/64 [poisoned by Sonja (curare-tipped needle)]
  9230 | D:10     | HP: 1/64 [poisoned by Sonja (curare-tipped needle)]
  9231 | D:10     | Succumbed to Sonja's curare-tipped needle

Skill      XL: |  1  2  3  4  5  6  7  8  9 10 11 |
---------------+----------------------------------+-----
Stealth        | 5 6 7 |  7.2
Maces & Flails | 1 |  1.3
Fighting       | 1 2 3 4 5 |  5.5
Dodging        | 4 5 6 7 |  7.9
Short Blades   | 1 2 3 5 |  5.2
Shields        | 1 2 3 5 6 7 |  7.1
Slings         | 1 2 3 4 |  4.7
Armour         | 1 2 3 |  3.2
Spellcasting   | 1 2 4 5 |  5.3
Transmutations | 1 |  1.1
Poison Magic   | 1 |  1.1
Invocations    | 1 3 4 5 |  5.3
Long Blades    | 1 3 |  3.7
Evocations     | |  0.1

Action                   |  1- 3 |  4- 6 |  7- 9 | 10-12 || total
-------------------------+-------+-------+-------+-------++-------
Melee: Whip              |    59 |       |       |       ||    59
       Bite              |    12 |    20 |    82 |    67 ||   181
       Short sword       |    57 |   140 |       |       ||   197
       Dagger            |       |    60 |   372 |   119 ||   551
       Scimitar          |       |       |       |   101 ||   101
 Fire: Hunting sling     |       |   170 |    20 |   313 ||   503
       Blowgun           |       |       |       |     6 ||     6
Invok: Heroism           |       |       |       |     2 ||     2
       Finesse           |       |       |       |     1 ||     1
Evoke: Wand              |       |       |       |     1 ||     1
  Use: Scroll            |       |     2 |     9 |       ||    11
       Potion            |       |       |     9 |       ||     9
 Stab: Sleeping          |     8 |     5 |    14 |     3 ||    30
       Distracted        |       |       |     2 |       ||     2
  Eat: Chunk             |     3 |    17 |    20 |    15 ||    55
       Ration            |       |       |       |     3 ||     3
Armor: Robe              |    49 |    33 |       |       ||    82
       Leather armour    |       |    67 |    62 |       ||   129
       Chain mail        |       |       |    45 |   147 ||   192
Dodge: Dodged            |   113 |   192 |   187 |   130 ||   622
Block: Buckler           |       |    49 |   144 |   167 ||   360
       Reflection        |       |       |     1 |    18 ||    19
